 Dungeon Crawl Stone Soup version 0.28-a0-1435-g82390b3a13 (webtiles) character file.

Game seed: 10201635823264707582

200 HallandMoats the Skirmisher (level 5, -1/42 HPs)
             Began as a Demonspawn Fighter on Jan 9, 2022.
             Slain by a sky beast (6 damage)
             ... on level 5 of the Dungeon.
             The game lasted 00:03:58 (3160 turns).

HallandMoats the Skirmisher (Demonspawn Fighter)    Turns: 3160, Time: 00:03:58

Health: -1/42      AC: 16    Str: 18      XL:     5   Next: 49%
Magic:  5/5        EV:  9    Int: 10      God:
Gold:   173        SH:  8    Dex: 11 (12) Spells: 4/4 levels left

rFire   . . .      SeeInvis .   b - +2 dagger (venom)
rCold   . . .      Faith    .   c - +0 buckler
rNeg    . . .      Spirit   .   o - +0 scale mail
rPois   .          Reflect  .   m - +0 helmet
rElec   .          Harm     .   d - +2 cloak {Stlth+}
rCorr   .          Rampage  .   j - +0 pair of gloves
Will    .....                   (no boots)
Stlth   +.........              (no amulet)
HPRegen 0.94/turn               (no ring)
MPRegen 0.09/turn               (no ring)

@: no status effects
A: condensation shield, demonic touch 2, iridescent scales 2, regeneration 1, no
potion heal 1
a: no special abilities


You were on level 5 of the Dungeon.
You visited 1 branch of the dungeon, and saw 5 of its levels.

You collected 173 gold pieces.

Inventory:

Hand Weapons
 a - a +2 whip of electrocution
 b - a +2 dagger of venom (weapon)
 g - a +0 war axe
Armour
 c - a +0 buckler (worn)
 d - a +2 cloak of stealth (worn)
 j - a +0 pair of gloves (worn)
 m - a +0 helmet (worn)
 o - a +0 scale mail (worn)
Wands
 k - a wand of iceblast (8)
Scrolls
 i - a scroll of summoning {unknown}
 l - a scroll of identify {unknown}
 q - a scroll of enchant armour {unknown}
 r - a scroll of amnesia {unknown}
 s - a scroll of acquirement {unknown}
 t - a scroll of fear {unknown}
Potions
 f - a potion of resistance {unknown}
 n - a potion of attraction {unknown}
 p - 2 potions of brilliance {unknown}


   Skills:
 + Level 3.7 Fighting
 * Level 3.3 Axes
 + Level 3.3 Armour
 + Level 1.7 Dodging
 + Level 3.3 Shields


You had 4 spell levels left.
You didn't know any spells.
Your spell library contained the following spells:

 Spells                   Type           Power      Damage    Failure   Level
 Ensorcelled Hibernation  Hex/Ice        0%         N/A       93%         2
 Sublimation of Blood     Necr           0%         N/A       93%         2
 Wereblood                Tmut           0%         N/A       93%         2
 Spider Form              Tmut/Pois      0%         N/A       99%         3
 Summon Hydra             Summ           0%         N/A       100%        7


Dungeon Overview and Level Annotations

Branches:
Dungeon (5/15)
 Temple: D:4-7

Altars:

Shops:
D:1 =

Annotations:
D:4 Eustachio


Innate Abilities, Weirdness & Mutations

A meltable shield of frost defends you. (SH +4)
Your touch may inflict irresistible damage on your foes.
You are mostly covered in iridescent scales. (AC +4)
Your natural rate of healing is unusually fast.
Potions are less effective at restoring your health.


Message History

You hit the sky beast.
The sky beast looks even sicker.
The sky beast is lightly wounded.
The killer bee zombie hits you but does no damage.
The killer bee zombie hits you. The sky beast barely misses you.
You hit the sky beast but do no damage.
The sky beast looks as sick as possible!
The sky beast is moderately wounded.
The killer bee zombie closely misses you.
You block the gnoll's attack.
The sky beast flickers out of sight!
Deactivating autopickup; reactivate with Ctrl-A.
Something hits you. Something shocks you.
* * * LOW HITPOINT WARNING * * *
You miss something. The gnoll hits you but does no damage. Something hits you.
* * * LOW HITPOINT WARNING * * *
Something shocks you.
* * * LOW HITPOINT WARNING * * *
You hit something. You block the gnoll's attack.
The gnoll hits you but does no damage. The gnoll shaman barely misses you.
Something hits you but does no damage.
You barely miss something. The gnoll barely misses you.
The gnoll shaman hits you but does no damage.
Something hits you but does no damage. You block the gnoll's attack.
It was a potion of heal wounds.
Your system partially rejects the healing.
You feel much better. The gnoll barely misses you.
The gnoll shaman hits you with a +0 whip!
You block something's attack.
You closely miss something. You block the gnoll's attack.
The gnoll shaman hits you but does no damage.
You block something's attack.
The gnoll hits you from afar with a +0 halberd.
* * * LOW HITPOINT WARNING * * *
You closely miss something.
The gnoll hits you from afar with a +0 halberd.
* * * LOW HITPOINT WARNING * * *
The gnoll shaman hits you but does no damage.
Something hits you.
* * * LOW HITPOINT WARNING * * *
Something shocks you.
You die...

###.### #g#
#># #g# #.#
#.# #.#
.########g#
......{@gZ#
###########


You could see a gnoll shaman, a gnoll (fast) and a killer bee zombie.

Vanquished Creatures
  Crazy Yiuf (D:2)
  Ijyb (D:3)
  Terence (D:3)
  A hound skeleton (D:5)
  Robin (D:2)
  An adder (D:2)
  A white imp (D:5)
  3 dart slugs
  An orc (D:3)
  5 ball pythons
  4 endoplasms
  2 giant cockroaches
  13 goblins
  9 hobgoblins
  3 jackals (D:1)
  2 quokkas
  5 bats
  2 frilled lizards (D:2)
  10 kobolds
  4 rats
70 creatures vanquished.

Vanquished Creatures (others)
  A plant (D:4)
1 creature vanquished.

Grand Total: 71 creatures vanquished

Notes
Turn   | Place    | Note
-------+----------+-------------------------------------------
     0 | D:1      | HallandMoats the Demonspawn Fighter began the quest for the
                  | Orb.
     0 | D:1      | Reached XP level 1. HP: 18/18 MP: 1/1
    30 | D:1      | Found Zokhlumpi's Jewellery Boutique.
   167 | D:1      | Discovered your monstrous ancestry.
   167 | D:1      | Gained mutation: Your touch may inflict minor irresistible
                  | damage on your foes. [demonic ancestry]
   167 | D:1      | Reached XP level 2. HP: 24/24 MP: 2/2
   505 | D:1      | Gained mutation: A meltable shield of frost defends you.
                  | (SH +4) [demonic ancestry]
   505 | D:1      | Reached XP level 3. HP: 22/29 MP: 3/3
   660 | D:1      | Found a faded altar of an unknown god.
  1021 | D:2      | Found a runed translucent door.
  1022 | D:2      | Noticed Crazy Yiuf
  1105 | D:2      | Reached skill level 1 in Dodging
  1112 | D:2      | Noticed Robin
  1133 | D:2      | Killed Robin
  1353 | D:2      | Gained mutation: Your touch may inflict irresistible damage
                  | on your foes. [demonic ancestry]
  1353 | D:2      | Reached XP level 4. HP: 25/35 MP: 4/4
  1759 | D:2      | Killed Crazy Yiuf
  1835 | D:3      | Noticed Terence
  1839 | D:3      | Noticed Ijyb
  1841 | D:3      | Killed Terence
  1842 | D:3      | Reached XP level 5. HP: 41/41 MP: 5/5
  1859 | D:3      | Killed Ijyb
  2720 | D:4      | Noticed Eustachio
  2740 | D:4      | Noticed an ogre
  2744 | D:5      | Entered Level 5 of the Dungeon
  3147 | D:5      | Noticed a sky beast
  3150 | D:5      | Gained mutation: Potions are less effective at restoring
                  | your health. [potion of mutation]
  3150 | D:5      | Gained mutation: You are partially covered in iridescent
                  | scales. (AC +2) [potion of mutation]
  3150 | D:5      | Gained mutation: You are mostly covered in iridescent
                  | scales. (AC +4) [potion of mutation]
  3150 | D:5      | Gained mutation: Your natural rate of healing is unusually
                  | fast. [potion of mutation]
  3160 | D:5      | Slain by a sky beast

Illustrated notes

Levels and vault maps discovered:
D:1:      saegor_arrival_fortress, layout_rooms, serial_shops, shop,
          hellmonk_ecumenical_altar_heavens_door, minmay_tetromino_s4
D:2:      layout_rooms, grunt_ministairs_12, minmay_misc_feat_five, uniq_robin,
          uniq_crazy_yiuf_cottage
D:3:      layout_basic, uniq_terence, uniq_ijyb
D:4:      layout_rooms, serial_corexii_hall, corexii_hall_statues_l,
          chequers_hall_statues_corner_a, corexii_hall_statues_i,
          serial_bayou_lake_a, uniq_eustachio
D:5:      layout_loops_ring

Skill      XL: |  1  2  3  4 |
---------------+-------------+-----
Axes           | 2 3 |  3.3
Armour         | 3 |  3.3
Dodging        | 1 |  1.7
Shields        | 3 |  3.3
Fighting       | |  3.7

Action                   |  1- 3 |  4- 6 || total
-------------------------+-------+-------++-------
Melee: War axe           |     6 |       ||     6
       Whip              |    89 |    50 ||   139
       Dagger            |       |    68 ||    68
  Use: Potion            |       |     4 ||     4
Armor: Scale mail        |    43 |    73 ||   116
Dodge: Dodged            |    35 |    73 ||   108
Block: Buckler           |    29 |    84 ||   113

Table legend: (Time is in decaauts)
 A = Elapsed time spent in this place.
 B = Non-inter-level travel time spent in this place.
 C = Inter-level travel time spent in this place.
 D = Time resting spent in this place.
 E = Time spent auto-exploring this place.
 F = Levels seen in this place.
 G = Mean time per level.
                   A        B        C        D        E       F      G
               +--------+--------+--------+--------+--------+-----+--------+
         Total |   3173 |   3122 |     51 |    351 |   2181 |   5 |  634.6 |
       Dungeon |   3173 |   3122 |     51 |    351 |   2181 |   5 |  634.6 |
               +--------+--------+--------+--------+--------+-----+--------+

Top non-repeatable levels by time:
     D:2: 982 daAuts
     D:3: 897 daAuts
     D:1: 815 daAuts
     D:5: 416 daAuts
     D:4: 61 daAuts
